AoeStats
← AOKI_Shogi

African Clearing

506254451Analyzed
4v4 RM · 20d ago on Sep 12, 2026· 35m 42s· 8 players
Game mode
Random Map
Map size
Large (8 player)
Population
200
Speed
Normal
Resources
Standard
Victory
Conquest
Starting age
Dark Age
Ending age
Imperial Age
RankedLock teamsTeams togetherTeam positionsShared explorationLock speedFull tech treeHidden civsTurbo modeCheats
Victory
Defeat
🇦🇷 Mongols · Argentina
1448
+17
🇧🇷 Huns · Brazil
1436
+18
🇵🇪 Vietnamese · Peru
1430
+18
🇵🇪 Persians · Peru
1380
+20
🇨🇭 Japanese · Switzerland
1535
-21
🇫🇷 Huns · France
1503
-19
🇫🇷 Mongols · France
1460
-18
🇫🇷 Magyars · France
1382
-15
Meliod27
9:39 Loom
13:01 Feudal Age
14:14 Double-Bit Axe
14:19 Town Watch
17:05 Castle Age
19:11 Bow Saw
19:51 Fletching
20:09 Husbandry
20:18 Scale Barding Armor
23:43 Wheelbarrow
24:50 Horse Collar
27:53 Bloodlines
29:28 Heavy Plow
30:13 Bodkin Arrow
33:11 Chain Barding Armor
35:33 Forging
36:13 Hand Cart
_K1R4_
3:13 Loom
13:52 Feudal Age
14:39 Double-Bit Axe
18:31 Castle Age
17:04 Fletching
17:15 Padded Archer Armor
18:45 Bloodlines
19:42 Bodkin Arrow
24:25 Leather Archer Armor
29:16 Ballistics
29:14 Husbandry
32:04 Wheelbarrow
35:47 Hand Cart
MasteRk
8:31 Loom
13:10 Feudal Age
17:37 Castle Age
15:33 Double-Bit Axe
17:17 Town Watch
18:23 Bloodlines
18:34 Forging
19:21 Horse Collar
22:20 Scale Barding Armor
23:32 Husbandry
24:57 Wheelbarrow
26:04 Chain Barding Armor
26:58 Gold Mining
31:03 Bow Saw
32:13 Stone Mining
36:04 Iron Casting
weaking
5:21 Loom
11:35 Feudal Age
12:58 Double-Bit Axe
19:02 Scale Barding Armor
19:44 Wheelbarrow
20:20 Bloodlines
21:36 Town Watch
29:40 Castle Age
28:13 Fletching
29:50 Padded Archer Armor
31:59 Bow Saw
33:29 Town Patrol
33:46 Bodkin Arrow
34:46 Thumb Ring
35:34 Ballistics
Daniel Chassagnez
3:25 Loom
13:29 Feudal Age
17:08 Castle Age
15:24 Double-Bit Axe
17:41 Fletching
17:51 Padded Archer Armor
18:14 Bow Saw
20:20 Bodkin Arrow
20:49 Padded Archer Armor
28:24 Padded Archer Armor
30:00 Leather Archer Armor
31:30 Wheelbarrow
32:05 Ballistics
33:41 Town Watch
35:38 Husbandry
BehCoY
11:46 Loom
14:14 Feudal Age
15:40 Double-Bit Axe
15:49 Gold Mining
16:09 Fletching
20:43 Castle Age
21:45 Bow Saw
22:16 Town Watch
24:51 Bodkin Arrow
29:54 Padded Archer Armor
30:49 Horse Collar
32:23 Ballistics
34:30 Guard Tower
atchoubaka
11:03 Loom
13:26 Feudal Age
14:10 Double-Bit Axe
16:22 Scale Barding Armor
17:21 Bloodlines
27:58 Castle Age
27:23 Wheelbarrow
28:41 Husbandry
30:26 Chain Barding Armor
AOKI_Shogi
11:08 Loom
13:50 Feudal Age
14:32 Town Watch
18:52 Castle Age
17:56 Fletching
17:56 Double-Bit Axe
18:53 Fletching
35:43 Padded Archer Armor
Connection lost

Rejoining the realm…

Still unreachable

The connection could not be restored.

Session expired

The server has moved on; the page needs a fresh start.